 Dungeon Crawl Stone Soup version 0.17-a0-1763-g847a857 (webtiles) character file.

138 luca467 the Cudgeler (level 5, -2/46 HPs)
             Began as a Minotaur Berserker on Sept 5, 2015.
             Was a Believer of Trog.
             Slain by an orc
             ... wielding a +2 vampiric trident
              (10 damage)
             ... on level 4 of the Dungeon.
             The game lasted 00:08:39 (1628 turns).

luca467 the Cudgeler (Minotaur Berserker)           Turns: 1628, Time: 00:08:40

Health: -2/46      AC:  3    Str: 22    XL:     5   Next: 1%
Magic:  4/4        EV: 12    Int:  4    God:    Trog [**....]
Gold:   101        SH:  0    Dex: 10    Spells: 0 memorised, 4 levels left

rFire  . . .     SeeInvis .     a - +0 mace
rCold  . . .     Clarity  .     e - +0 leather armour
rNeg   . . .     SustAt   .     (no shield)
rPois  .         Gourm    .     (helmet restricted)
rElec  .         Spirit   .     (no cloak)
rCorr  .         Warding  .     (no gloves)
rMut   .         Stasis   .     (no boots)
MR     .....                    (no amulet)
Stlth  +.........               (no ring)
                                (no ring)

@: exhausted, not resistant to hostile enchantments, very unstealthy
A: retaliatory headbutt, horns 2
a: Burn Spellbooks, Berserk, Trog's Hand, Renounce Religion


You were on level 4 of the Dungeon.
You worshipped Trog.
Trog was pleased with you.
You were very hungry.

You visited 1 branch of the dungeon, and saw 3 of its levels.

You collected 101 gold pieces.

Inventory:

Hand weapons
 a - a +0 mace (weapon)
 j - a +3 whip
Armour
 b - a +0 animal skin
 e - a +0 leather armour (worn)
 m - a +0 cloak
Jewellery
 g - an uncursed amulet of rage {unknown}
 k - an uncursed ring of sustain attributes {unknown}
Scrolls
 h - a scroll of random uselessness {unknown}
Potions
 d - a potion of resistance {unknown}
 f - a potion of agility {unknown}
 l - a potion of flight {unknown}
Comestibles
 c - a bread ration
 i - a royal jelly


   Skills:
 - Level 4.0 Fighting
 + Level 6.7 Maces & Flails
 - Level 2.4 Armour
 - Level 2.1 Dodging


You had 4 spell levels left.
You didn't know any spells.

Dungeon Overview and Level Annotations

Branches:
Dungeon (4/15)
 Temple: D:4-7

Altars:


Innate Abilities, Weirdness & Mutations

You reflexively headbutt those who attack you in melee.
You have a pair of horns on your head.


Message History

You're too terrified to move while being watched!
You're too terrified to move while being watched!
You're too terrified to move while being watched!
An orc is nearby!
You're too terrified to move while being watched!
You stop sporulating.
Your +0 mace unmelds from your body.
Your +0 leather armour unmelds from your body.
The orc closely misses you. The orc hits you but does no damage.
Items here: )) [ † a leather armour; a dagger; a club; an orc corpse You closely miss the orc.
Your headbutt misses the orc. You hit the orc.
The orc is lightly wounded.
The orc misses you. You furiously retaliate!
You headbutt the orc. You barely miss the orc. You headbutt the orc.
The orc is almost dead.
The orc hits you with a vampiric trident!
You die...

.. ........####....#
......g............#
..........#.......#
.........##.)...###
......### #.....#
.....# ##w...#
......# ##....##
......o## #.{....#
.......@###....).#
##.###.)†)#......#
#.....)#)#......#
#####...........#
##.........##
##........#
#####.........#
.........†....#
#######.......#####


You could see an orc.

Vanquished Creatures
  A hound (D:4)
  An orc wizard (D:4)
  Robin (D:4)
  2 adders (D:2)
  A worm (D:4)
  3 giant geckos
  3 orcs (D:4)
  4 bats
  A giant cockroach (D:2)
  13 goblins
  4 hobgoblins
  3 kobolds
  2 quokkas
  A giant newt (D:2)
  6 rats
46 creatures vanquished.

Notes
Turn   | Place    | Note
--------------------------------------------------------------
     0 | D:1      | luca467 the Minotaur Berserker began the quest for the Orb.
     0 | D:1      | Reached XP level 1. HP: 19/19 MP: 0/0
    93 | D:1      | Reached skill level 4 in Fighting
   188 | D:1      | Reached XP level 2. HP: 25/27 MP: 1/1
  1017 | D:2      | Reached XP level 3. HP: 20/33 MP: 2/2
  1054 | D:2      | HP: 2/49 [giant gecko (2)]
  1423 | D:2      | Reached skill level 5 in Maces & Flails
  1512 | D:2      | You fall through a shaft for 2 floors!
  1592 | D:4      | Noticed Robin
  1592 | D:4      | Acquired Trog's second power
  1600 | D:4      | Reached XP level 4. HP: 7/40 MP: 3/3
  1608 | D:4      | Reached skill level 6 in Maces & Flails
  1614 | D:4      | Killed Robin
  1623 | D:4      | Reached XP level 5. HP: 9/46 MP: 4/4
  1628 | D:4      | Slain by an orc

Vault maps used:
D:1:      minmay_arrival_wavy_path, minmay_misc_feat_more_columns,
          hangedman_feature_mirror
D:4:      grunt_temple_overflow_opulence, first_bread, minivault_1,
          uniq_eustachio, uniq_robin

Action                   |  1- 3 |  4- 6 || total
-------------------------+-------+-------++-------
Melee: Mace              |    75 |     5 ||    80
       Unarmed           |       |    21 ||    21
Invok: Berserk           |     2 |       ||     2
 Stab: Confused          |       |     2 ||     2
  Eat: Chunk             |     3 |       ||     3
